Blue Jackets vs Blackhawks
(R1)
Created - December 22, 2021 at 20:28
Goals
|
| Blue Jackets |
1 |
2 |
0 |
3 |
| Blackhawks |
0 |
1 |
0 |
1 |
|
Shots
|
| Blue Jackets |
7 |
7 |
7 |
21 |
| Blackhawks |
8 |
7 |
8 |
23 |
|
1st period
1. Blue Jackets , Artemi Panarin 3 (Tyler Seguin 6, Mike Lundin 10) at 19:47
Penalties :
Alexander Frolov (Chi) for Hooking (Minor) at 0:44, Mike Lundin (Clb) for Hooking (Minor) at 9:28, Nick Leddy (Clb) for Holding (Minor) at 13:14
2nd period
2. Blue Jackets , Cody Hodgson 5 (Max Pacioretty 3, Devin Setoguchi 3) at 4:06
3. Blue Jackets , Tyler Seguin 5 (Max Pacioretty 4, Cody Hodgson 5) at 17:03
4. Blackhawks , Johnny Gaudreau 6 (Jamie McBain 3, Derick Brassard 7) at 17:21
Penalties :
Calvin de Haan (Chi) for Tripping (Minor) at 4:09, James Wright (Chi) for Interference (Minor) at 11:09, Rick Nash (Chi) for Holding Stick (Minor) at 17:32
3rd period
No Goal
Penalties :
Tom Wilson (Chi) for Hooking (Minor) at 5:41, Derick Brassard (Chi) for Holding (Minor) at 9:12, Pavel Datsyuk (Clb) for Slashing (Minor) at 11:32, Alexander Frolov (Chi) for Holding Stick (Minor) at 17:32
Goalie Stats
Andrei Vasilevskiy (Clb), 22 saves from 23 shots - (0.957), W, 1-0-0, 60:00 minutes
Tuukka Rask (Chi), 18 saves from 21 shots - (0.857), L, 2-2-3, 60:00 minutes
Players Stats for Blue Jackets
Player Name G A P +/- PIM S H SB GA TA FO MP PP MP PK MP
------------------------------------------------------------------------------------
Artemi Panarin 1 0 1 1 0 2 0 0 1 1 0/0 23:19 7:43 3:07
Brandon Bollig 0 0 0 0 0 1 1 0 1 0 0/0 10:26 0:00 0:31
Cam Fowler 0 0 0 1 0 1 1 3 0 2 0/0 25:49 8:06 3:40
Cody Hodgson 1 1 2 1 0 6 3 0 0 0 9/10 19:31 6:10 1:59
Dennis Wideman 0 0 0 1 0 0 1 0 0 3 0/0 11:53 0:00 0:33
Devin Setoguchi 0 1 1 1 0 1 0 0 0 1 1/1 13:40 0:00 1:27
Emerson Etem 0 0 0 0 0 0 0 0 0 0 0/0 7:29 0:00 0:00
Eric Wellwood 0 0 0 0 0 2 0 1 1 0 0/0 14:30 6:10 0:00
Martin Havlat 0 0 0 1 0 1 2 0 0 0 1/1 11:46 0:00 0:00
Max Pacioretty 0 2 2 1 0 2 2 0 1 0 0/0 18:41 6:10 1:42
Mike Lundin 0 1 1 1 2 2 2 0 0 3 0/0 24:07 8:06 2:05
Nick Leddy 0 0 0 0 2 0 3 1 2 0 0/0 22:06 5:47 1:23
Pavel Datsyuk 0 0 0 0 2 0 0 0 0 0 2/6 10:35 0:20 0:00
Rob Scuderi 0 0 0 0 0 1 1 0 0 0 0/0 23:13 5:47 2:17
Shea Theodore 0 0 0 1 0 0 1 1 0 1 0/0 12:54 0:00 1:56
Tyler Kennedy 0 0 0 0 0 1 0 0 0 0 0/0 13:41 7:23 0:00
Tyler Seguin 1 1 2 1 0 1 2 0 0 0 16/31 22:51 7:43 3:08
Zac Dalpe 0 0 0 0 0 0 0 0 0 0 0/2 7:29 0:00 0:00
Players Stats for Blackhawks
Player Name G A P +/- PIM S H SB GA TA FO MP PP MP PK MP
------------------------------------------------------------------------------------
Alexander Frolov 0 0 0 0 4 2 3 0 1 1 2/3 14:20 0:02 5:15
Antoine Roussel 0 0 0 0 0 3 0 0 1 0 1/1 19:23 2:42 6:08
Blake Wheeler 0 0 0 0 0 1 1 0 0 0 1/1 8:42 0:00 0:00
Calvin de Haan 0 0 0 0 2 2 0 0 0 0 0/0 15:32 3:32 0:16
Dalton Prout 0 0 0 0 0 0 1 2 0 0 0/0 14:52 2:25 0:00
Derick Brassard 0 1 1 -2 2 3 1 1 1 0 7/17 18:54 3:15 1:38
Garnet Hathaway 0 0 0 0 0 2 1 0 0 0 1/1 10:20 0:00 3:48
James Wright 0 0 0 0 2 1 2 1 0 0 5/12 15:17 0:00 6:14
Jamie McBain 0 1 1 -2 0 0 3 1 2 1 0/0 24:14 2:25 5:37
John Carlson 0 0 0 -2 0 0 3 1 1 0 0/0 27:11 3:32 8:16
Johnny Gaudreau 1 0 1 -2 0 5 1 0 2 2 1/4 18:25 3:15 0:46
Jordan Staal 0 0 0 0 0 0 2 0 0 0 2/9 17:34 2:42 3:57
Matthew Spiller 0 0 0 0 0 0 2 1 0 1 0/0 19:23 0:00 8:00
Nick Bonino 0 0 0 0 0 1 1 0 0 0 2/3 6:31 0:00 0:00
Nikita Zadorov 0 0 0 0 0 0 0 0 0 1 0/0 18:49 0:00 5:37
Rick Nash 0 0 0 -2 2 1 0 0 1 0 0/0 17:00 3:13 0:00
Stefan Matteau 0 0 0 0 0 0 0 0 1 0 0/0 6:31 0:00 0:00
Tom Wilson 0 0 0 0 2 2 0 0 1 0 0/0 13:02 2:42 0:00
3 Stars
1 - Cody Hodgson (Clb)
2 - Tyler Seguin (Clb)
3 - Max Pacioretty (Clb)
Power Play
Blue Jackets - 0 on 7 Attempt(s) - 0.00%
Blackhawks - 0 on 3 Attempt(s) - 0.00%
Penalty Kill
Blue Jackets - 3 on 3 Attempt(s) - 100.00%
- Score 0 goal in Penalty Kill
Blackhawks - 7 on 7 Attempt(s) - 100.00%
- Score 0 goal in Penalty Kill
Team Stat
Blue Jackets - Hits : 19 - Faceoff Wins : 29 - Blocked Shots : 6 - Penalty Minutes : 6
Blackhawks - Hits : 21 - Faceoff Wins : 22 - Blocked Shots : 7 - Penalty Minutes : 14
Official
Referees : Chris Schlenker and Jean Hebert
Linesman : Tony Sericolo and Shandor Alphonso
Game Notes
No Game Note
Finance
Level 1 -- Attendance: 6000 (100.00%) -- Ticket Income $600,000
Level 2 -- Attendance: 4969 (99.38%) -- Ticket Income $298,140
Level 3 -- Attendance: 2000 (100.00%) -- Ticket Income $70,000
Level 4 -- Attendance: 4000 (100.00%) -- Ticket Income $100,000
Luxury Box -- Attendance: 1000 (100.00%) -- Ticket Income $200,000
Game was played at the United Center.
Total Attendance: 17969 (99.83%)
Total Ticket Income: $1,268,140
Other Income: $190,221
Total Income: $1,458,361
Blue Jackets
5 vs 5 Forward
Center Left Wing Right Wing Time % Phy DF OF
1 Tyler Seguin Artemi Panarin Martin Havlat 40 1 2 2
2 Cody Hodgson Max Pacioretty Devin Setoguchi 30 1 2 2
3 Pavel Datsyuk Brandon Bollig Eric Wellwood 20 1 2 2
4 Zac Dalpe Emerson Etem Tyler Kennedy 10 1 2 2
5 vs 5 Defense
Defense Defense Time % Phy DF OF
1 Cam Fowler Mike Lundin 40 1 2 2
2 Nick Leddy Rob Scuderi 30 1 2 2
3 Dennis Wideman Shea Theodore 20 1 2 2
4 Cam Fowler Mike Lundin 10 1 2 2
PowerPlay Forward
Center Left Wing Right Wing Time % Phy DF OF
1 Tyler Seguin Artemi Panarin Tyler Kennedy 60 1 2 2
2 Cody Hodgson Max Pacioretty Eric Wellwood 40 1 2 2
PowerPlay Defense
Defense Defense Time % Phy DF OF
1 Cam Fowler Mike Lundin 60 1 2 2
2 Nick Leddy Rob Scuderi 40 1 2 2
Penalty Kill 4 Players Forward
Center Wing Time % Phy DF OF
1 Tyler Seguin Artemi Panarin 60 1 2 2
2 Cody Hodgson Max Pacioretty 40 1 2 2
Penalty Kill 4 Players Defense
Defense Defense Time % Phy DF OF
1 Cam Fowler Mike Lundin 60 1 2 2
2 Nick Leddy Rob Scuderi 40 1 2 2
Penalty Kill - 3 Players Forward
Forward Time % Phy DF OF
1 Tyler Seguin 60 1 2 2
2 Artemi Panarin 40 1 2 2
Penalty Kill - 3 Players Defense
Defense Defense Time % Phy DF OF
1 Cam Fowler Mike Lundin 60 1 2 2
2 Nick Leddy Rob Scuderi 40 1 2 2
4 vs 4 Forward
Center Wing Time % Phy DF OF
1 Tyler Seguin Artemi Panarin 60 1 2 2
2 Cody Hodgson Max Pacioretty 40 1 2 2
4 vs 4 Defense
Defense Defense Time % Phy DF OF
1 Cam Fowler Mike Lundin 60 1 2 2
2 Nick Leddy Rob Scuderi 40 1 2 2
Last Minutes Offensive
Center Left Wing Right Wing Defense Defense
Tyler Seguin Artemi Panarin Tyler Kennedy Cam Fowler Mike Lundin
Last Minutes Defensive
Center Left Wing Right Wing Defense Defense
Tyler Seguin Artemi Panarin Tyler Kennedy Cam Fowler Mike Lundin
Goaltenders
Starting : Andrei Vasilevskiy
Backup : Rick DiPietro
Extra Forwards
Normal : Pavel Datsyuk, Brandon Bollig, Devin Setoguchi - PP : Pavel Datsyuk, Brandon Bollig - PK : Devin Setoguchi
Extra Defensemen
Normal : Dennis Wideman, Shea Theodore, Nick Leddy - PP : Dennis Wideman - PK : Shea Theodore, Nick Leddy
Penalty Shots
Tyler Seguin, Artemi Panarin, Cody Hodgson, Max Pacioretty, Pavel Datsyuk
Scratches
Andreas Nodl (Healthy), Ryan Wilson (Healthy)
Blackhawks
5 vs 5 Forward
Center Left Wing Right Wing Time % Phy DF OF
1 Derick Brassard Johnny Gaudreau Rick Nash 40 0 1 4
2 Jordan Staal Antoine Roussel Tom Wilson 30 1 2 2
3 James Wright Alexander Frolov Blake Wheeler 20 2 1 2
4 Nick Bonino Stefan Matteau Garnet Hathaway 10 1 3 1
5 vs 5 Defense
Defense Defense Time % Phy DF OF
1 John Carlson Jamie McBain 40 1 2 2
2 Dalton Prout Matthew Spiller 30 1 2 2
3 Calvin de Haan Nikita Zadorov 20 1 3 1
4 John Carlson Jamie McBain 10 1 1 3
PowerPlay Forward
Center Left Wing Right Wing Time % Phy DF OF
1 Derick Brassard Johnny Gaudreau Rick Nash 60 0 0 5
2 Jordan Staal Antoine Roussel Tom Wilson 40 0 0 5
PowerPlay Defense
Defense Defense Time % Phy DF OF
1 John Carlson Calvin de Haan 60 0 1 4
2 Dalton Prout Jamie McBain 40 0 1 4
Penalty Kill 4 Players Forward
Center Wing Time % Phy DF OF
1 James Wright Alexander Frolov 60 1 4 0
2 Jordan Staal Antoine Roussel 40 1 4 0
Penalty Kill 4 Players Defense
Defense Defense Time % Phy DF OF
1 John Carlson Matthew Spiller 60 1 4 0
2 Jamie McBain Nikita Zadorov 40 1 4 0
Penalty Kill - 3 Players Forward
Forward Time % Phy DF OF
1 Johnny Gaudreau 60 0 5 0
2 Derick Brassard 40 0 5 0
Penalty Kill - 3 Players Defense
Defense Defense Time % Phy DF OF
1 John Carlson Matthew Spiller 60 0 5 0
2 Jamie McBain Nikita Zadorov 40 0 5 0
4 vs 4 Forward
Center Wing Time % Phy DF OF
1 Derick Brassard Johnny Gaudreau 60 1 1 3
2 Jordan Staal Antoine Roussel 40 0 2 3
4 vs 4 Defense
Defense Defense Time % Phy DF OF
1 John Carlson Jamie McBain 60 0 2 3
2 Dalton Prout Calvin de Haan 40 1 2 2
Last Minutes Offensive
Center Left Wing Right Wing Defense Defense
Derick Brassard Johnny Gaudreau Rick Nash John Carlson Jamie McBain
Last Minutes Defensive
Center Left Wing Right Wing Defense Defense
Jordan Staal Antoine Roussel Alexander Frolov Dalton Prout Matthew Spiller
Goaltenders
Starting : Tuukka Rask
Backup : Josh Harding
Extra Forwards
Normal : Alexander Frolov, Tom Wilson, Garnet Hathaway - PP : Alexander Frolov, Stefan Matteau - PK : Garnet Hathaway
Extra Defensemen
Normal : Calvin de Haan, Matthew Spiller, Nikita Zadorov - PP : Calvin de Haan - PK : Calvin de Haan, Matthew Spiller
Penalty Shots
Johnny Gaudreau, Antoine Roussel, Jordan Staal, Derick Brassard, Rick Nash
Scratches
None
% Time on Ice - Blue Jackets
Lines # - Real PCT - Wanted PCT - Time Play
Normal Forward
1 - 32% - 40% - 12:44
2 - 27% - 30% - 10:49
3 - 23% - 20% - 9:08
4 - 19% - 10% - 7:29
Normal Defense
1 - 35% - 40% - 14:03
2 - 38% - 30% - 15:09
3 - 27% - 20% - 10:58
4 - 0% - 10% - 0:00
PP Forward
1 - 56% - 60% - 7:43
2 - 44% - 40% - 6:10
PP Defense
1 - 58% - 60% - 8:06
2 - 42% - 40% - 5:47
PK Forward
1 - 71% - 60% - 4:15
2 - 29% - 40% - 1:42
PK Defense
1 - 58% - 60% - 3:28
2 - 42% - 40% - 2:29
PK3 Forward
1 - 0% - 60%
2 - 0% - 40%
PK3 Defense
1 - 0% - 60%
2 - 0% - 40%
44 Forward
1 - 0% - 60%
2 - 0% - 40%
44 Defense
1 - 0% - 60%
2 - 0% - 40%
Last Minute Offensive - 0:00
Last Minute Defensive - 0:00
Total
Forward - 60:00
Defense - 60:00
|
% Time on Ice - Blackhawks
Lines # - Real PCT - Wanted PCT - Time Play
Normal Forward
1 - 36% - 40% - 14:24
2 - 26% - 30% - 10:33
3 - 22% - 20% - 8:42
4 - 16% - 10% - 6:31
Normal Defense
1 - 39% - 40% - 15:36
2 - 36% - 30% - 14:18
3 - 25% - 20% - 10:09
4 - 0% - 10% - 0:07
PP Forward
1 - 55% - 60% - 3:15
2 - 45% - 40% - 2:42
PP Defense
1 - 59% - 60% - 3:32
2 - 41% - 40% - 2:25
PK Forward
1 - 73% - 60% - 10:10
2 - 27% - 40% - 3:43
PK Defense
1 - 60% - 60% - 8:16
2 - 40% - 40% - 5:37
PK3 Forward
1 - 0% - 60%
2 - 0% - 40%
PK3 Defense
1 - 0% - 60%
2 - 0% - 40%
44 Forward
1 - 0% - 60%
2 - 0% - 40%
44 Defense
1 - 0% - 60%
2 - 0% - 40%
Last Minute Offensive - 0:00
Last Minute Defensive - 0:00
Total
Forward - 60:00
Defense - 60:00
|
Play-by-Play
1st period
0:01 of 1st period - Derick Brassard wins face-off versus Tyler Seguin in neutral zone.
0:40 of 1st period - Snap shot by Devin Setoguchi.
0:40 of 1st period - Stopped by Tuukka Rask without a rebound.
0:41 of 1st period - James Wright wins face-off versus Pavel Datsyuk in Blackhawks zone.
0:41 of 1st period - James Wright is hit by Nick Leddy.
0:44 of 1st period - Minor Penalty to Alexander Frolov for Hooking.
0:45 of 1st period - James Wright wins face-off versus Tyler Seguin in Blackhawks zone.
2:17 of 1st period - Garnet Hathaway is hit by Max Pacioretty and loses puck.
2:40 of 1st period - Nick Leddy is hit by Johnny Gaudreau and loses puck.
2:44 of 1st period - Penalty to Alexander Frolov is over, Alexander Frolov is back on ice.
3:07 of 1st period - Slapshot by Garnet Hathaway.
3:07 of 1st period - Stopped by Andrei Vasilevskiy with a rebound.
3:23 of 1st period - Wrist shot by Tom Wilson.
3:23 of 1st period - Stopped by Andrei Vasilevskiy with a rebound.
4:13 of 1st period - Stefan Matteau is hit by Martin Havlat and loses puck.
4:24 of 1st period - Shea Theodore is hit by Jordan Staal and loses puck.
5:33 of 1st period - Martin Havlat is hit by Garnet Hathaway and loses puck.
6:14 of 1st period - Cam Fowler is hit by Alexander Frolov and loses puck.
6:19 of 1st period - Snap shot by Alexander Frolov.
6:19 of 1st period - Stopped by Andrei Vasilevskiy without a rebound.
6:20 of 1st period - James Wright wins face-off versus Cody Hodgson in Blue Jackets zone.
6:51 of 1st period - Wrist shot by Eric Wellwood.
6:51 of 1st period - Stopped by Tuukka Rask with a rebound.
7:29 of 1st period - Garnet Hathaway is hit by Dennis Wideman.
8:12 of 1st period - Snap shot by Derick Brassard.
8:12 of 1st period - Stopped by Andrei Vasilevskiy with a rebound.
8:24 of 1st period - Wrist shot by Eric Wellwood.
8:24 of 1st period - Stopped by Tuukka Rask with a rebound.
8:46 of 1st period - Snap shot by Calvin de Haan.
8:46 of 1st period - Shot Misses the Net.
8:53 of 1st period - Icing by Artemi Panarin.
8:54 of 1st period - Nick Bonino wins face-off versus Zac Dalpe in Blue Jackets zone.
8:55 of 1st period - Slapshot by Garnet Hathaway.
8:55 of 1st period - Shot Misses the Net.
8:57 of 1st period - Backhand shot by Garnet Hathaway.
8:57 of 1st period - Stopped by Andrei Vasilevskiy without a rebound.
8:58 of 1st period - Nick Bonino wins face-off versus Zac Dalpe in Blue Jackets zone.
9:28 of 1st period - Minor Penalty to Mike Lundin for Hooking.
9:29 of 1st period - Derick Brassard wins face-off versus Tyler Seguin in Blue Jackets zone.
9:39 of 1st period - Wrist shot by Johnny Gaudreau.
9:39 of 1st period - Stopped by Andrei Vasilevskiy with a rebound.
9:41 of 1st period - Snap shot by John Carlson.
9:41 of 1st period - Shot Blocked by Cam Fowler.
9:43 of 1st period - Snap shot by Johnny Gaudreau.
9:43 of 1st period - Stopped by Andrei Vasilevskiy without a rebound.
9:44 of 1st period - Derick Brassard wins face-off versus Tyler Seguin in Blue Jackets zone.
11:23 of 1st period - Antoine Roussel is hit by Cam Fowler and loses puck.
11:28 of 1st period - Penalty to Mike Lundin is over, Mike Lundin is back on ice.
11:43 of 1st period - Snap shot by John Carlson.
11:43 of 1st period - Deflect By Blake Wheeler.
11:43 of 1st period - Stopped by Andrei Vasilevskiy without a rebound.
11:44 of 1st period - Cody Hodgson wins face-off versus Alexander Frolov in Blue Jackets zone.
12:21 of 1st period - Rick Nash is hit by Mike Lundin and loses puck.
12:57 of 1st period - Tyler Kennedy is hit by Jamie McBain and loses puck.
13:14 of 1st period - Minor Penalty to Nick Leddy for Holding.
13:15 of 1st period - Johnny Gaudreau wins face-off versus Tyler Seguin in Blue Jackets zone.
13:42 of 1st period - Max Pacioretty is hit by Jordan Staal and loses puck.
15:04 of 1st period - Johnny Gaudreau is hit by Cody Hodgson and loses puck.
15:14 of 1st period - Penalty to Nick Leddy is over, Nick Leddy is back on ice.
15:29 of 1st period - Snap shot by Tyler Kennedy.
15:29 of 1st period - Stopped by Tuukka Rask without a rebound.
15:30 of 1st period - Pavel Datsyuk wins face-off versus James Wright in Blackhawks zone.
16:27 of 1st period - Shea Theodore is hit by John Carlson.
16:43 of 1st period - Wrist shot by Eric Wellwood.
16:43 of 1st period - Shot Misses the Net.
16:49 of 1st period - Pavel Datsyuk is hit by John Carlson and loses puck.
17:23 of 1st period - Slapshot by Emerson Etem.
17:23 of 1st period - Shot Misses the Net.
18:09 of 1st period - Wrist shot by Cody Hodgson.
18:09 of 1st period - Stopped by Tuukka Rask with a rebound.
18:21 of 1st period - Calvin de Haan is hit by Nick Leddy and loses puck.
18:53 of 1st period - Cam Fowler is hit by James Wright and loses puck.
19:10 of 1st period - Jordan Staal is hit by Cody Hodgson and loses puck.
19:17 of 1st period - Slapshot by Cody Hodgson.
19:17 of 1st period - Stopped by Tuukka Rask with a rebound.
19:28 of 1st period - Icing by Antoine Roussel.
19:29 of 1st period - Pavel Datsyuk wins face-off versus Nick Bonino in Blackhawks zone.
19:37 of 1st period - Off-side.
19:38 of 1st period - Tyler Seguin wins face-off versus Derick Brassard in neutral zone.
19:41 of 1st period - Wrist shot by Artemi Panarin.
19:41 of 1st period - Shot Misses the Net.
19:43 of 1st period - Slapshot by Mike Lundin.
19:43 of 1st period - Shot Blocked by John Carlson.
19:45 of 1st period - Backhand shot by Tyler Seguin.
19:45 of 1st period - Shot Blocked by Derick Brassard.
19:47 of 1st period - Wrist shot by Artemi Panarin.
19:47 of 1st period - Goal by Artemi Panarin - Blue Jackets : 1 - Blackhawks : 0.
19:48 of 1st period - Tyler Seguin wins face-off versus Derick Brassard in neutral zone.
Goals for this period are 1 for Blue Jackets vs 0 for Blackhawks.
Shots for this period are 7 for Blue Jackets vs 8 for Blackhawks.
2nd period
0:01 of 2nd period - Tyler Seguin wins face-off versus Derick Brassard in neutral zone.
0:26 of 2nd period - John Carlson is hit by Cody Hodgson and loses puck.
1:14 of 2nd period - Slapshot by Tyler Kennedy.
1:14 of 2nd period - Shot Misses the Net.
1:16 of 2nd period - Wrist shot by Tyler Kennedy.
1:16 of 2nd period - Shot Misses the Net.
1:54 of 2nd period - Snap shot by Max Pacioretty.
1:54 of 2nd period - Stopped by Tuukka Rask without a rebound.
1:55 of 2nd period - Tyler Seguin wins face-off versus Johnny Gaudreau in Blackhawks zone.
2:26 of 2nd period - Snap shot by Devin Setoguchi.
2:26 of 2nd period - Shot Misses the Net.
3:55 of 2nd period - Icing by Derick Brassard.
3:56 of 2nd period - Cody Hodgson wins face-off versus Johnny Gaudreau in Blackhawks zone.
4:06 of 2nd period - Wrist shot by Cody Hodgson.
4:06 of 2nd period - Goal by Cody Hodgson - Blue Jackets : 2 - Blackhawks : 0.
4:07 of 2nd period - Derick Brassard wins face-off versus Tyler Seguin in neutral zone.
4:09 of 2nd period - Minor Penalty to Calvin de Haan for Tripping.
4:10 of 2nd period - Tyler Seguin wins face-off versus James Wright in Blackhawks zone.
4:45 of 2nd period - Slapshot by Cam Fowler.
4:45 of 2nd period - Stopped by Tuukka Rask with a rebound.
5:15 of 2nd period - Rob Scuderi is hit by Alexander Frolov.
5:24 of 2nd period - Icing by Tyler Kennedy.
5:25 of 2nd period - Tyler Seguin wins face-off versus Jordan Staal in Blue Jackets zone.
6:09 of 2nd period - Penalty to Calvin de Haan is over, Calvin de Haan is back on ice.
6:23 of 2nd period - Wrist shot by Rick Nash.
6:23 of 2nd period - Stopped by Andrei Vasilevskiy without a rebound.
6:24 of 2nd period - Tyler Seguin wins face-off versus Derick Brassard in Blue Jackets zone.
6:24 of 2nd period - Tyler Seguin is hit by Matthew Spiller.
6:50 of 2nd period - Shea Theodore is hit by Matthew Spiller and loses puck.
7:01 of 2nd period - Wrist shot by Tyler Seguin.
7:01 of 2nd period - Shot Misses the Net.
7:03 of 2nd period - Slapshot by Mike Lundin.
7:03 of 2nd period - Stopped by Tuukka Rask with a rebound.
7:05 of 2nd period - Slapshot by Artemi Panarin.
7:05 of 2nd period - Stopped by Tuukka Rask without a rebound.
7:06 of 2nd period - Cody Hodgson wins face-off versus Johnny Gaudreau in Blackhawks zone.
7:18 of 2nd period - Snap shot by Devin Setoguchi.
7:18 of 2nd period - Shot Misses the Net.
7:20 of 2nd period - Slapshot by Mike Lundin.
7:20 of 2nd period - Stopped by Tuukka Rask without a rebound.
7:21 of 2nd period - Cody Hodgson wins face-off versus Jordan Staal in Blackhawks zone.
7:24 of 2nd period - Snap shot by Devin Setoguchi.
7:24 of 2nd period - Shot Misses the Net.
7:47 of 2nd period - Johnny Gaudreau is hit by Brandon Bollig and loses puck.
7:55 of 2nd period - Off-side.
7:56 of 2nd period - Derick Brassard wins face-off versus Tyler Seguin in neutral zone.
8:21 of 2nd period - Calvin de Haan is hit by Rob Scuderi and loses puck.
8:28 of 2nd period - Slapshot by Nikita Zadorov.
8:28 of 2nd period - Deflect By Antoine Roussel.
8:28 of 2nd period - Stopped by Andrei Vasilevskiy without a rebound.
8:29 of 2nd period - Tyler Seguin wins face-off versus Derick Brassard in Blue Jackets zone.
8:53 of 2nd period - Icing by Mike Lundin.
8:54 of 2nd period - Cody Hodgson wins face-off versus Jordan Staal in Blue Jackets zone.
9:29 of 2nd period - Calvin de Haan is hit by Nick Leddy and loses puck.
9:48 of 2nd period - Snap shot by Pavel Datsyuk.
9:48 of 2nd period - Shot Blocked by Jamie McBain.
9:56 of 2nd period - Rob Scuderi is hit by James Wright and loses puck.
11:09 of 2nd period - Minor Penalty to James Wright for Interference.
11:10 of 2nd period - Garnet Hathaway wins face-off versus Tyler Seguin in Blackhawks zone.
13:09 of 2nd period - Penalty to James Wright is over, James Wright is back on ice.
14:33 of 2nd period - Cody Hodgson is hit by Nick Bonino and loses puck.
14:44 of 2nd period - Pavel Datsyuk is hit by Derick Brassard and loses puck.
15:12 of 2nd period - Slapshot by Calvin de Haan.
15:12 of 2nd period - Deflect By Mike Lundin.
15:12 of 2nd period - Stopped by Andrei Vasilevskiy without a rebound.
15:13 of 2nd period - Cody Hodgson wins face-off versus James Wright in Blue Jackets zone.
15:13 of 2nd period - Cody Hodgson is hit by Blake Wheeler.
15:59 of 2nd period - Wrist shot by Antoine Roussel.
15:59 of 2nd period - Stopped by Andrei Vasilevskiy with a rebound.
16:07 of 2nd period - Slapshot by Artemi Panarin.
16:07 of 2nd period - Shot Blocked by Dalton Prout.
17:03 of 2nd period - Snap shot by Tyler Seguin.
17:03 of 2nd period - Goal by Tyler Seguin - Blue Jackets : 3 - Blackhawks : 0.
17:04 of 2nd period - Tyler Seguin wins face-off versus Derick Brassard in neutral zone.
17:15 of 2nd period - Snap shot by Derick Brassard.
17:15 of 2nd period - Stopped by Andrei Vasilevskiy with a rebound.
17:17 of 2nd period - Slapshot by Jamie McBain.
17:17 of 2nd period - Shot Misses the Net.
17:19 of 2nd period - Snap shot by Johnny Gaudreau.
17:19 of 2nd period - Stopped by Andrei Vasilevskiy with a rebound.
17:21 of 2nd period - Slapshot by Jamie McBain.
17:21 of 2nd period - Deflect By Johnny Gaudreau.
17:21 of 2nd period - Goal by Johnny Gaudreau - Blue Jackets : 3 - Blackhawks : 1.
17:22 of 2nd period - Tyler Seguin wins face-off versus Derick Brassard in neutral zone.
17:32 of 2nd period - Minor Penalty to Rick Nash for Holding Stick.
17:33 of 2nd period - Tyler Seguin wins face-off versus James Wright in Blackhawks zone.
19:32 of 2nd period - Penalty to Rick Nash is over, Rick Nash is back on ice.
Goals for this period are 2 for Blue Jackets vs 1 for Blackhawks.
Shots for this period are 7 for Blue Jackets vs 7 for Blackhawks.
3rd period
0:01 of 3rd period - Tyler Seguin wins face-off versus Derick Brassard in neutral zone.
0:03 of 3rd period - Off-side.
0:04 of 3rd period - Derick Brassard wins face-off versus Tyler Seguin in neutral zone.
0:07 of 3rd period - Artemi Panarin is hit by John Carlson and loses puck.
1:03 of 3rd period - Slapshot by John Carlson.
1:03 of 3rd period - Shot Blocked by Nick Leddy.
2:22 of 3rd period - Snap shot by Pavel Datsyuk.
2:22 of 3rd period - Shot Misses the Net.
2:25 of 3rd period - Icing by Nikita Zadorov.
2:26 of 3rd period - Martin Havlat wins face-off versus James Wright in Blackhawks zone.
2:41 of 3rd period - Wrist shot by Alexander Frolov.
2:41 of 3rd period - Shot Misses the Net.
2:57 of 3rd period - Wrist shot by Johnny Gaudreau.
2:57 of 3rd period - Stopped by Andrei Vasilevskiy with a rebound.
3:14 of 3rd period - Icing by Calvin de Haan.
3:15 of 3rd period - Jordan Staal wins face-off versus Pavel Datsyuk in Blackhawks zone.
3:22 of 3rd period - Slapshot by Calvin de Haan.
3:22 of 3rd period - Shot Blocked by Shea Theodore.
3:42 of 3rd period - Snap shot by Cody Hodgson.
3:42 of 3rd period - Stopped by Tuukka Rask without a rebound.
3:43 of 3rd period - Cody Hodgson wins face-off versus Derick Brassard in Blackhawks zone.
3:52 of 3rd period - Snap shot by Johnny Gaudreau.
3:52 of 3rd period - Shot Blocked by Cam Fowler.
3:58 of 3rd period - Snap shot by Derick Brassard.
3:58 of 3rd period - Shot Misses the Net.
4:00 of 3rd period - Snap shot by Rick Nash.
4:00 of 3rd period - Deflect By Derick Brassard.
4:00 of 3rd period - Shot Misses the Net.
4:00 of 3rd period - Puck is out of play.
4:01 of 3rd period - Tyler Seguin wins face-off versus Jordan Staal in Blue Jackets zone.
4:19 of 3rd period - Tom Wilson is hit by Martin Havlat and loses puck.
4:58 of 3rd period - Wrist shot by James Wright.
4:58 of 3rd period - Stopped by Andrei Vasilevskiy without a rebound.
4:59 of 3rd period - Blake Wheeler wins face-off versus Pavel Datsyuk in Blue Jackets zone.
5:04 of 3rd period - Snap shot by James Wright.
5:04 of 3rd period - Deflect By Blake Wheeler.
5:04 of 3rd period - Shot Misses the Net.
5:04 of 3rd period - Puck is out of play.
5:05 of 3rd period - Derick Brassard wins face-off versus Tyler Seguin in Blue Jackets zone.
5:10 of 3rd period - Wrist shot by Johnny Gaudreau.
5:10 of 3rd period - Shot Misses the Net.
5:20 of 3rd period - Snap shot by Martin Havlat.
5:20 of 3rd period - Shot Blocked by Matthew Spiller.
5:34 of 3rd period - Snap shot by Cody Hodgson.
5:34 of 3rd period - Stopped by Tuukka Rask without a rebound.
5:35 of 3rd period - Devin Setoguchi wins face-off versus Jordan Staal in Blackhawks zone.
5:41 of 3rd period - Minor Penalty to Tom Wilson for Hooking.
5:42 of 3rd period - James Wright wins face-off versus Tyler Seguin in Blackhawks zone.
6:08 of 3rd period - Jordan Staal is hit by Max Pacioretty and loses puck.
6:28 of 3rd period - Rob Scuderi is hit by Alexander Frolov and loses puck.
6:35 of 3rd period - Matthew Spiller is hit by Tyler Seguin and loses puck.
7:41 of 3rd period - Penalty to Tom Wilson is over, Tom Wilson is back on ice.
7:55 of 3rd period - Wrist shot by Nick Bonino.
7:55 of 3rd period - Shot Misses the Net.
7:57 of 3rd period - Wrist shot by Garnet Hathaway.
7:57 of 3rd period - Shot Misses the Net.
7:59 of 3rd period - Wrist shot by Nick Bonino.
7:59 of 3rd period - Stopped by Andrei Vasilevskiy with a rebound.
8:20 of 3rd period - Dennis Wideman is hit by Dalton Prout and loses puck.
8:39 of 3rd period - Snap shot by Tom Wilson.
8:39 of 3rd period - Stopped by Andrei Vasilevskiy without a rebound.
8:40 of 3rd period - Alexander Frolov wins face-off versus Pavel Datsyuk in Blue Jackets zone.
8:41 of 3rd period - Slapshot by Jamie McBain.
8:41 of 3rd period - Shot Blocked by Eric Wellwood.
8:43 of 3rd period - Snap shot by Alexander Frolov.
8:43 of 3rd period - Stopped by Andrei Vasilevskiy without a rebound.
8:44 of 3rd period - Cody Hodgson wins face-off versus James Wright in Blue Jackets zone.
9:12 of 3rd period - Minor Penalty to Derick Brassard for Holding.
9:13 of 3rd period - Tyler Seguin wins face-off versus James Wright in Blackhawks zone.
9:46 of 3rd period - Slapshot by Mike Lundin.
9:46 of 3rd period - Shot Misses the Net.
10:30 of 3rd period - Nick Leddy is hit by Jamie McBain.
11:12 of 3rd period - Penalty to Derick Brassard is over, Derick Brassard is back on ice.
11:32 of 3rd period - Minor Penalty to Pavel Datsyuk for Slashing.
11:33 of 3rd period - Tyler Seguin wins face-off versus Derick Brassard in Blue Jackets zone.
11:45 of 3rd period - Snap shot by Derick Brassard.
11:45 of 3rd period - Stopped by Andrei Vasilevskiy with a rebound.
12:05 of 3rd period - Slapshot by Calvin de Haan.
12:05 of 3rd period - Shot Blocked by Cam Fowler.
12:07 of 3rd period - Slapshot by Calvin de Haan.
12:07 of 3rd period - Stopped by Andrei Vasilevskiy with a rebound.
12:09 of 3rd period - Snap shot by John Carlson.
12:09 of 3rd period - Deflect By Antoine Roussel.
12:09 of 3rd period - Stopped by Andrei Vasilevskiy with a rebound.
13:32 of 3rd period - Penalty to Pavel Datsyuk is over, Pavel Datsyuk is back on ice.
13:55 of 3rd period - Slapshot by Artemi Panarin.
13:55 of 3rd period - Shot Misses the Net.
14:47 of 3rd period - John Carlson is hit by Mike Lundin and loses puck.
15:33 of 3rd period - Wrist shot by Brandon Bollig.
15:33 of 3rd period - Stopped by Tuukka Rask without a rebound.
15:34 of 3rd period - Cody Hodgson wins face-off versus Jordan Staal in Blackhawks zone.
15:41 of 3rd period - Wrist shot by Cody Hodgson.
15:41 of 3rd period - Shot Misses the Net.
15:56 of 3rd period - Jordan Staal is hit by Shea Theodore and loses puck.
16:07 of 3rd period - Pavel Datsyuk is hit by Jamie McBain and loses puck.
17:27 of 3rd period - Snap shot by Artemi Panarin.
17:27 of 3rd period - Shot Blocked by Dalton Prout.
17:29 of 3rd period - Snap shot by Martin Havlat.
17:29 of 3rd period - Stopped by Tuukka Rask without a rebound.
17:30 of 3rd period - Alexander Frolov wins face-off versus Tyler Seguin in Blackhawks zone.
17:32 of 3rd period - Minor Penalty to Alexander Frolov for Holding Stick.
17:33 of 3rd period - James Wright wins face-off versus Tyler Seguin in Blackhawks zone.
17:33 of 3rd period - James Wright is hit by Tyler Seguin.
18:25 of 3rd period - Icing by Tyler Seguin.
18:26 of 3rd period - Antoine Roussel wins face-off versus Tyler Seguin in Blue Jackets zone.
18:47 of 3rd period - Snap shot by Nick Leddy.
18:47 of 3rd period - Deflect By Max Pacioretty.
18:47 of 3rd period - Stopped by Tuukka Rask with a rebound.
18:49 of 3rd period - Wrist shot by Max Pacioretty.
18:49 of 3rd period - Shot Blocked by James Wright.
18:51 of 3rd period - Wrist shot by Rob Scuderi.
18:51 of 3rd period - Deflect By John Carlson.
18:51 of 3rd period - Stopped by Tuukka Rask with a rebound.
19:10 of 3rd period - Snap shot by Cody Hodgson.
19:10 of 3rd period - Stopped by Tuukka Rask without a rebound.
19:11 of 3rd period - Tyler Seguin wins face-off versus Jordan Staal in Blackhawks zone.
19:32 of 3rd period - Penalty to Alexander Frolov is over, Alexander Frolov is back on ice.
19:41 of 3rd period - Icing by Alexander Frolov.
19:42 of 3rd period - Jordan Staal wins face-off versus Tyler Seguin in Blackhawks zone.
Goals for this period are 0 for Blue Jackets vs 0 for Blackhawks.
Shots for this period are 7 for Blue Jackets vs 8 for Blackhawks.